Sharks vs Penguins

Created - December 5, 2015 at 10:47

Goals
1 2 3 OT1 SO T
Sharks 1 2 0 0 1 3
Penguins 0 0 3 0 2 4
Shots
1 2 3 OT1 SO T
Sharks 12 7 5 4 3 28
Penguins 6 8 20 2 3 36

1st period

1. Sharks , Mark Pysyk 6 (Matt Beleskey, Nick Bjugstad) at 12:21

Penalties :
Jacob Trouba (PIT) for Interference (Minor) at 1:11, Andrej Sustr (SJS) for Delaying the game (Minor) at 6:33, Luke Glendening (PIT) for Hooking (Minor) at 9:11, Nikolai Kulemin (SJS) for Roughing (Minor) at 13:53, Ladislav Smid (SJS) for Holding (Minor) at 17:12

2nd period

2. Sharks , Brooks Laich 8 (Andrew Shaw) at 0:04
3. Sharks , Matt Beleskey 9 (David Savard) at 15:28

Penalties :
David Savard (SJS) for High sticking (Minor) at 3:40

3rd period

4. Penguins , Ryan Nugent-Hopkins 11 (Mark Giordano, Ryan Getzlaf) at 2:19
5. Penguins , Gregory Campbell 2 (Mark Arcobello, Victor Hedman) at 14:24
6. Penguins , Victor Hedman 2 (Ryan Getzlaf, Jakub Voracek) at 19:28

Penalties :
Luke Glendening (PIT) for Hooking (Minor) at 2:13, David Savard (SJS) for Hooking (Minor) at 2:13, Andrej Sustr (SJS) for Roughing (Minor) at 15:24

Overtime #1

No Goal

Penalties :
No Penalty

Shootout

Penalty Shot by Jannik Hansen for Sharks - Goal!
Penalty Shot by Ryan Nugent-Hopkins for Penguins - Goal!
Penalty Shot by Nick Bjugstad for Sharks - Stopped by Niklas Svedberg
Penalty Shot by Jakub Voracek for Penguins - Stopped by Jonas Hiller
Penalty Shot by Andrew Shaw for Sharks - Stopped by Niklas Svedberg
Penalty Shot by Mike Cammalleri for Penguins - Goal!

Penalties :
No Penalty

Goalie Stats

Jonas Hiller (SJS), 33 saves from 36 shots - (0.917), OTL, 13-9-3, 65:00 minutes
Niklas Svedberg (PIT), 25 saves from 28 shots - (0.893), W, 2-1-0, 64:05 minutes

Players Stats for Sharks

Player Name              G  A  P  +/- PIM S  H  SB GA TA FO     MP     PP MP  PK MP  
------------------------------------------------------------------------------------
Alexander Wennberg       0  0  0   0  0   0  0  2  0  0  2/7     3:12   0:00   0:00 
Andrej Sustr             0  0  0  -1  4   1  4  0  0  0  0/0    21:06   2:07   0:34 
Andrew Shaw              0  1  1   0  0   3  0  0  0  0  6/19   15:27   2:11   0:15 
Brooks Laich             1  0  1   1  0   3  0  1  0  0  0/0    13:09   0:00   2:08 
Charlie Coyle            0  0  0   1  0   1  2  0  0  0  1/3    15:45   1:47   0:00 
Colin McDonald           0  0  0   0  0   0  1  0  0  0  0/0    12:46   0:00   0:00 
David Savard             0  1  1   1  4   1  3  1  0  0  0/0    25:01   1:51   4:35 
Jannik Hansen            0  0  0  -2  0   2  1  0  0  0  0/1    22:01   2:11   2:58 
Ladislav Smid            0  0  0  -1  2   0  2  1  0  0  0/0    14:36   0:00   0:42 
Luke Witkowski           0  0  0   0  0   1  0  0  0  0  0/0     9:28   0:00   0:00 
Mark Pysyk               1  0  1   0  0   4  1  0  0  0  0/0    23:43   2:07   4:04 
Martin Marincin          0  0  0   0  0   0  0  2  0  0  0/0    18:06   0:00   4:04 
Matt Beleskey            1  1  2   0  0   3  0  0  0  0  0/1    15:52   1:47   0:00 
Nick Bjugstad            0  1  1   0  0   4  1  0  0  0  11/33  24:09   1:47   2:58 
Nikolai Kulemin          0  0  0   1  2   3  2  1  0  0  2/3    24:14   2:11   5:16 
Robert Bortuzzo          0  0  0   1  0   1  2  2  0  0  0/0    26:20   1:51   5:51 
Stephen Weiss            0  0  0   0  0   0  0  0  0  0  8/20   14:40   0:00   6:15 
Viktor Stalberg          0  0  0   0  0   1  0  1  0  0  0/0     8:25   0:00   0:00 

Players Stats for Penguins

Player Name              G  A  P  +/- PIM S  H  SB GA TA FO     MP     PP MP  PK MP  
------------------------------------------------------------------------------------
Brandon Saad             0  0  0  -2  0   2  0  0  0  0  1/1    12:59   0:00   1:25 
Dmitry Kulikov           0  0  0  -1  0   0  1  0  0  0  0/0    15:08   0:00   1:48 
Gregory Campbell         1  0  1   1  0   2  0  0  0  0  1/1     5:29   0:00   1:25 
Jacob De La Rose         0  0  0   0  0   0  0  0  0  0  0/0     0:00   0:00   0:00 
Jacob Trouba             0  0  0   0  2   2  0  1  0  0  0/0    22:46   4:46   0:00 
Jakub Voracek            0  1  1   0  0   6  0  0  0  0  0/1    22:37   5:09   0:00 
James van Riemsdyk       0  0  0   0  0   2  3  0  0  0  0/1    23:10   5:09   0:00 
Luke Glendening          0  0  0  -2  4   1  1  0  0  0  6/14   12:08   0:00   1:08 
Mark Arcobello           0  1  1   1  0   1  0  0  0  0  4/5     4:04   0:00   0:00 
Mark Giordano            0  1  1   1  0   5  3  2  0  0  0/0    27:05   5:09   2:10 
Mike Cammalleri          0  0  0   0  0   2  0  0  0  0  0/1    19:14   4:46   0:00 
Ondrej Palat             0  0  0   0  0   1  1  0  0  0  1/2    22:19   4:46   2:33 
Ryan Getzlaf             0  2  2   1  0   3  3  0  0  0  24/31  23:16   5:09   0:00 
Ryan Nugent-Hopkins      1  0  1   1  0   6  2  1  0  0  19/29  23:39   4:46   1:25 
Ryan Suter               0  0  0   0  0   1  1  3  0  0  0/0    26:33   5:09   1:48 
Seth Jones               0  0  0  -1  0   0  1  1  0  0  0/0    13:20   0:00   0:00 
Tanner Pearson           0  0  0  -1  0   0  0  0  0  0  1/1    15:06   0:00   0:00 
Victor Hedman            1  1  2   1  0   2  1  0  0  0  0/0    25:07   4:46   2:10 

3 Stars

1 - Victor Hedman (PIT)
2 - Ryan Getzlaf (PIT)
3 - Ryan Nugent-Hopkins (PIT)

Power Play

Sharks - 0 on 2 Attempt(s) - 0.00%
Penguins - 0 on 5 Attempt(s) - 0.00%

Penalty Kill

Sharks - 5 on 5 Attempt(s) - 100.00% - Score 0 goal in Penalty Kill
Penguins - 2 on 2 Attempt(s) - 100.00% - Score 0 goal in Penalty Kill

Team Stat

Sharks - Hits : 19 - Faceoff Wins : 30 - Blocked Shots : 11 - Penalty Minutes : 12
Penguins - Hits : 17 - Faceoff Wins : 57 - Blocked Shots : 8 - Penalty Minutes : 6

Official

Referees : Justin St. Pierre and Dennis LaRue
Linesman : Darren Gibbs and Kiel Murchison

Game Notes

Alexander Wennberg is injured at 17:01 of 1st period (Sore Right Knee)

Finance

Level 1 -- Attendance: 6016 (92.55%) -- Ticket Income $661,760
Level 2 -- Attendance: 4600 (92.00%) -- Ticket Income $368,000
Level 3 -- Attendance: 2946 (84.17%) -- Ticket Income $176,760
Level 4 -- Attendance: 1949 (81.65%) -- Ticket Income $97,450
Luxury Box -- Attendance: 1000 (100.00%) -- Ticket Income $200,000
Game was played at the Consol Energy Center.
Total Attendance: 16511 (89.80%)
Total Ticket Income: $1,503,970
Other Income: $225,596
Total Income: $1,729,566

% Time on Ice - Sharks

Lines # - Real PCT - Wanted PCT - Time Play
Normal Forward
1 - 29% - 33% - 12:52
2 - 23% - 27% - 9:55
3 - 29% - 25% - 12:46
4 - 19% - 15% - 8:25
Normal Defense
1 - 36% - 40% - 15:51
2 - 34% - 35% - 15:08
3 - 30% - 25% - 12:59
4 - 0% - 0% - 0:00
PP Forward
1 - 45% - 60% - 1:47
2 - 55% - 40% - 2:11
PP Defense
1 - 47% - 60% - 1:51
2 - 53% - 40% - 2:07
PK Forward
1 - 70% - 60% - 6:57
2 - 30% - 40% - 2:58
PK Defense
1 - 59% - 60% - 5:51
2 - 41% - 40% - 4:04
PK3 Forward
1 - 0% - 60%
2 - 0% - 40%
PK3 Defense
1 - 0% - 60%
2 - 0% - 40%
44 Forward
1 - 71% - 60% - 4:59
2 - 29% - 40% - 2:00
44 Defense
1 - 66% - 60% - 4:35
2 - 34% - 40% - 2:24
Last Minute Offensive  - 0:00
Last Minute Defensive  - 0:10
Total
Forward - 65:00
Defense - 65:00

% Time on Ice - Penguins

Lines # - Real PCT - Wanted PCT - Time Play
Normal Forward
1 - 32% - 32% - 14:10
2 - 33% - 32% - 14:28
3 - 25% - 24% - 11:02
4 - 9% - 12% - 4:04
Normal Defense
1 - 35% - 40% - 15:31
2 - 34% - 40% - 14:53
3 - 27% - 20% - 11:55
4 - 3% - 0% - 1:25
PP Forward
1 - 52% - 53% - 5:09
2 - 48% - 47% - 4:46
PP Defense
1 - 52% - 75% - 5:09
2 - 48% - 25% - 4:46
PK Forward
1 - 64% - 55% - 2:33
2 - 36% - 45% - 1:25
PK Defense
1 - 45% - 60% - 1:48
2 - 55% - 40% - 2:10
PK3 Forward
1 - 0% - 55%
2 - 0% - 45%
PK3 Defense
1 - 0% - 55%
2 - 0% - 45%
44 Forward
1 - 58% - 55% - 4:05
2 - 42% - 45% - 2:54
44 Defense
1 - 55% - 55% - 3:51
2 - 45% - 45% - 3:08
Last Minute Offensive  - 0:24
Last Minute Defensive  - 0:00
Total
Forward - 65:00
Defense - 65:00

Play by Play

1st period


0:01 of 1st period - Nick Bjugstad wins face-off versus Ryan Getzlaf in neutral zone.
1:02 of 1st period - Icing by Victor Hedman.
1:03 of 1st period - Alexander Wennberg wins face-off versus Ryan Nugent-Hopkins in Penguins zone.
1:11 of 1st period - Minor Penalty to Jacob Trouba for Interference.
1:12 of 1st period - Andrew Shaw wins face-off versus Luke Glendening in Penguins zone.
1:13 of 1st period - Shot by Mark Pysyk.
1:13 of 1st period - Shot Blocked by Ryan Suter.
1:15 of 1st period - Shot by Mark Pysyk.
1:15 of 1st period - Shot Misses the Net.
1:17 of 1st period - Shot by Mark Pysyk.
1:17 of 1st period - Stopped by Niklas Svedberg with a rebound.
1:25 of 1st period - Shot by Mark Pysyk.
1:25 of 1st period - Shot Misses the Net.
1:31 of 1st period - Shot by Mark Pysyk.
1:31 of 1st period - Stopped by Niklas Svedberg without a rebound.
1:32 of 1st period - Andrew Shaw wins face-off versus Ryan Nugent-Hopkins in Penguins zone.
1:32 of 1st period - Jannik Hansen is hit by Victor Hedman and loses puck.
1:41 of 1st period - Shot by Andrew Shaw.
1:41 of 1st period - Stopped by Niklas Svedberg without a rebound.
1:42 of 1st period - Nick Bjugstad wins face-off versus Luke Glendening in Penguins zone.
2:16 of 1st period - Shot by Matt Beleskey.
2:16 of 1st period - Shot Misses the Net.
2:42 of 1st period - Shot by Andrew Shaw.
2:42 of 1st period - Stopped by Niklas Svedberg without a rebound.
2:43 of 1st period - Luke Glendening wins face-off versus Andrew Shaw in Penguins zone.
3:03 of 1st period - Icing by David Savard.
3:04 of 1st period - Luke Glendening wins face-off versus Nikolai Kulemin in Sharks zone.
3:09 of 1st period - Shot by Ondrej Palat.
3:09 of 1st period - Shot Misses the Net.
3:21 of 1st period - Shot by Viktor Stalberg.
3:21 of 1st period - Stopped by Niklas Svedberg with a rebound.
3:47 of 1st period - Shot by Luke Witkowski.
3:47 of 1st period - Deflect By Viktor Stalberg.
3:47 of 1st period - Shot Blocked by Seth Jones.
3:58 of 1st period - Icing by Seth Jones.
3:59 of 1st period - Mark Arcobello wins face-off versus Andrew Shaw in Penguins zone.
4:30 of 1st period - Off-side.
4:31 of 1st period - Ryan Getzlaf wins face-off versus Alexander Wennberg in neutral zone.
5:06 of 1st period - Shot by Jannik Hansen.
5:06 of 1st period - Stopped by Niklas Svedberg without a rebound.
5:07 of 1st period - Ondrej Palat wins face-off versus Andrew Shaw in Penguins zone.
5:32 of 1st period - Icing by Victor Hedman.
5:33 of 1st period - Ryan Nugent-Hopkins wins face-off versus Nick Bjugstad in Penguins zone.
5:43 of 1st period - Icing by Charlie Coyle.
5:44 of 1st period - Nick Bjugstad wins face-off versus Luke Glendening in Sharks zone.
6:12 of 1st period - Shot by Brandon Saad.
6:12 of 1st period - Shot Blocked by Martin Marincin.
6:14 of 1st period - Shot by Luke Glendening.
6:14 of 1st period - Stopped by Jonas Hiller with a rebound.
6:16 of 1st period - Shot by Tanner Pearson.
6:16 of 1st period - Shot Misses the Net.
6:18 of 1st period - Shot by Brandon Saad.
6:18 of 1st period - Stopped by Jonas Hiller without a rebound.
6:19 of 1st period - Ryan Nugent-Hopkins wins face-off versus Alexander Wennberg in Sharks zone.
6:32 of 1st period - Shot by Ryan Nugent-Hopkins.
6:32 of 1st period - Stopped by Jonas Hiller with a rebound.
6:33 of 1st period - Minor Penalty to Andrej Sustr for Delaying the game.
6:34 of 1st period - Stephen Weiss wins face-off versus Ryan Getzlaf in Sharks zone.
6:34 of 1st period - Stephen Weiss is hit by James van Riemsdyk.
6:48 of 1st period - David Savard is hit by James van Riemsdyk and loses puck.
6:59 of 1st period - Shot by Mark Giordano.
6:59 of 1st period - Stopped by Jonas Hiller without a rebound.
7:00 of 1st period - Stephen Weiss wins face-off versus Ryan Nugent-Hopkins in Sharks zone.
8:26 of 1st period - Shot by Nikolai Kulemin.
8:26 of 1st period - Stopped by Niklas Svedberg without a rebound.
8:27 of 1st period - Ryan Getzlaf wins face-off versus Nick Bjugstad in Penguins zone.
8:36 of 1st period - Shot by Tanner Pearson.
8:36 of 1st period - Shot Blocked by Alexander Wennberg.
8:39 of 1st period - Icing by David Savard.
8:40 of 1st period - Luke Glendening wins face-off versus Alexander Wennberg in Sharks zone.
8:57 of 1st period - David Savard is hit by Seth Jones and loses puck.
9:11 of 1st period - Minor Penalty to Luke Glendening for Hooking.
9:12 of 1st period - Gregory Campbell wins face-off versus Nick Bjugstad in Penguins zone.
9:45 of 1st period - Shot by Matt Beleskey.
9:45 of 1st period - Shot Misses the Net.
10:37 of 1st period - Shot by Ryan Nugent-Hopkins.
10:37 of 1st period - Shot Blocked by David Savard.
11:03 of 1st period - Shot by Ondrej Palat.
11:03 of 1st period - Shot Misses the Net.
11:23 of 1st period - Shot by Luke Witkowski.
11:23 of 1st period - Stopped by Niklas Svedberg without a rebound.
11:24 of 1st period - Stephen Weiss wins face-off versus Luke Glendening in Penguins zone.
11:24 of 1st period - Viktor Stalberg is hit by Mark Giordano and loses puck.
11:33 of 1st period - Shot by Martin Marincin.
11:33 of 1st period - Shot Blocked by Mark Giordano.
11:36 of 1st period - Stephen Weiss is hit by Mark Giordano and loses puck.
11:44 of 1st period - Luke Witkowski is hit by Mark Giordano and loses puck.
12:19 of 1st period - Shot by Mark Pysyk.
12:19 of 1st period - Shot Misses the Net.
12:21 of 1st period - Shot by Mark Pysyk.
12:21 of 1st period - Goal by Mark Pysyk - Sharks : 1 - Penguins : 0.
12:22 of 1st period - Alexander Wennberg wins face-off versus Ryan Getzlaf in neutral zone.
13:02 of 1st period - Icing by Mark Pysyk.
13:03 of 1st period - Ryan Nugent-Hopkins wins face-off versus Alexander Wennberg in Sharks zone.
13:46 of 1st period - Shot by Nikolai Kulemin.
13:46 of 1st period - Stopped by Niklas Svedberg with a rebound.
13:48 of 1st period - Shot by Brooks Laich.
13:48 of 1st period - Stopped by Niklas Svedberg with a rebound.
13:50 of 1st period - Shot by David Savard.
13:50 of 1st period - Shot Misses the Net.
13:53 of 1st period - Minor Penalty to Nikolai Kulemin for Roughing.
13:54 of 1st period - Stephen Weiss wins face-off versus Jakub Voracek in Sharks zone.
13:54 of 1st period - Stephen Weiss is hit by Ryan Getzlaf.
14:16 of 1st period - Icing by Ryan Suter.
14:17 of 1st period - Ryan Getzlaf wins face-off versus Stephen Weiss in Penguins zone.
14:27 of 1st period - Shot by Ryan Suter.
14:27 of 1st period - Shot Misses the Net.
14:51 of 1st period - Shot by Jannik Hansen.
14:51 of 1st period - Shot Blocked by Mark Giordano.
15:19 of 1st period - Shot by Victor Hedman.
15:19 of 1st period - Stopped by Jonas Hiller without a rebound.
15:20 of 1st period - Ryan Nugent-Hopkins wins face-off versus Stephen Weiss in Sharks zone.
15:37 of 1st period - Shot by Victor Hedman.
15:37 of 1st period - Shot Blocked by Brooks Laich.
15:47 of 1st period - Shot by Mike Cammalleri.
15:47 of 1st period - Shot Misses the Net.
16:13 of 1st period - Martin Marincin is hit by Dmitry Kulikov and loses puck.
16:22 of 1st period - Shot by Nick Bjugstad.
16:22 of 1st period - Stopped by Niklas Svedberg with a rebound.
16:25 of 1st period - Icing by Luke Glendening.
16:26 of 1st period - Luke Glendening wins face-off versus Alexander Wennberg in Penguins zone.
17:01 of 1st period - Shot by Jakub Voracek.
17:01 of 1st period - Shot Blocked by Alexander Wennberg.
17:01 of 1st period - Alexander Wennberg from Sharks is injured at 17:01 of 1st period (Sore Right Knee).
17:02 of 1st period - Nick Bjugstad wins face-off versus Ryan Nugent-Hopkins in Sharks zone.
17:12 of 1st period - Minor Penalty to Ladislav Smid for Holding.
17:13 of 1st period - Ryan Getzlaf wins face-off versus Stephen Weiss in Sharks zone.
18:23 of 1st period - Nick Bjugstad is hit by Ryan Nugent-Hopkins and loses puck.
18:37 of 1st period - Off-side.
18:38 of 1st period - Nick Bjugstad wins face-off versus Ryan Nugent-Hopkins in neutral zone.
18:57 of 1st period - Shot by Jacob Trouba.
18:57 of 1st period - Shot Misses the Net.
18:59 of 1st period - Shot by Mike Cammalleri.
18:59 of 1st period - Stopped by Jonas Hiller with a rebound.
19:16 of 1st period - Off-side.
19:17 of 1st period - Nick Bjugstad wins face-off versus Luke Glendening in neutral zone.
19:49 of 1st period - Matt Beleskey is hit by Ryan Suter and loses puck.
19:55 of 1st period - Icing by Ryan Suter.
19:56 of 1st period - Luke Glendening wins face-off versus Jannik Hansen in Penguins zone.
Goals for this period are 1 for Sharks vs 0 for Penguins.
Shots for this period are 12 for Sharks vs 6 for Penguins.

2nd period


0:01 of 2nd period - Andrew Shaw wins face-off versus James van Riemsdyk in neutral zone.
0:04 of 2nd period - Shot by Brooks Laich.
0:04 of 2nd period - Goal by Brooks Laich - Sharks : 2 - Penguins : 0.
0:05 of 2nd period - Ryan Nugent-Hopkins wins face-off versus Andrew Shaw in neutral zone.
0:20 of 2nd period - Shot by Ryan Nugent-Hopkins.
0:20 of 2nd period - Stopped by Jonas Hiller without a rebound.
0:21 of 2nd period - Ryan Getzlaf wins face-off versus Nick Bjugstad in Sharks zone.
0:21 of 2nd period - Ryan Getzlaf is hit by Andrej Sustr.
1:04 of 2nd period - Icing by Ryan Suter.
1:05 of 2nd period - Ryan Getzlaf wins face-off versus Andrew Shaw in Penguins zone.
1:05 of 2nd period - Ryan Getzlaf is hit by Nikolai Kulemin.
1:44 of 2nd period - David Savard is hit by Ryan Nugent-Hopkins and loses puck.
3:40 of 2nd period - Minor Penalty to David Savard for High sticking.
3:41 of 2nd period - Ryan Getzlaf wins face-off versus Stephen Weiss in Sharks zone.
3:42 of 2nd period - Shot by Jakub Voracek.
3:42 of 2nd period - Shot Hit the Post.
3:44 of 2nd period - Shot by Ryan Suter.
3:44 of 2nd period - Stopped by Jonas Hiller without a rebound.
3:45 of 2nd period - Stephen Weiss wins face-off versus Ryan Getzlaf in Sharks zone.
4:02 of 2nd period - Shot by Jakub Voracek.
4:02 of 2nd period - Shot Misses the Net.
4:04 of 2nd period - Shot by Ryan Getzlaf.
4:04 of 2nd period - Stopped by Jonas Hiller with a rebound.
4:06 of 2nd period - Shot by Ryan Getzlaf.
4:06 of 2nd period - Shot Misses the Net.
4:08 of 2nd period - Shot by Ryan Suter.
4:08 of 2nd period - Shot Misses the Net.
4:50 of 2nd period - Shot by Jacob Trouba.
4:50 of 2nd period - Deflect By Ryan Nugent-Hopkins.
4:50 of 2nd period - Shot Misses the Net.
5:12 of 2nd period - Shot by Victor Hedman.
5:12 of 2nd period - Shot Hit the Post.
5:14 of 2nd period - Shot by Jacob Trouba.
5:14 of 2nd period - Shot Blocked by Robert Bortuzzo.
5:46 of 2nd period - Seth Jones is hit by David Savard.
5:51 of 2nd period - Brandon Saad is hit by David Savard and loses puck.
6:51 of 2nd period - Dmitry Kulikov is hit by Nick Bjugstad and loses puck.
7:05 of 2nd period - Icing by Dmitry Kulikov.
7:06 of 2nd period - Andrew Shaw wins face-off versus Luke Glendening in Penguins zone.
7:11 of 2nd period - Shot by Nikolai Kulemin.
7:11 of 2nd period - Shot Misses the Net.
7:23 of 2nd period - Shot by Robert Bortuzzo.
7:23 of 2nd period - Stopped by Niklas Svedberg without a rebound.
7:24 of 2nd period - Ryan Nugent-Hopkins wins face-off versus Nick Bjugstad in Penguins zone.
7:24 of 2nd period - Ryan Nugent-Hopkins is hit by Charlie Coyle.
7:57 of 2nd period - Shot by Matt Beleskey.
7:57 of 2nd period - Shot Misses the Net.
8:29 of 2nd period - Shot by Nikolai Kulemin.
8:29 of 2nd period - Stopped by Niklas Svedberg without a rebound.
8:30 of 2nd period - Ryan Getzlaf wins face-off versus Andrew Shaw in Penguins zone.
9:23 of 2nd period - Off-side.
9:24 of 2nd period - Ryan Nugent-Hopkins wins face-off versus Nick Bjugstad in neutral zone.
10:02 of 2nd period - Shot by Charlie Coyle.
10:02 of 2nd period - Shot Misses the Net.
11:17 of 2nd period - Shot by Nikolai Kulemin.
11:17 of 2nd period - Shot Misses the Net.
11:27 of 2nd period - Shot by Ryan Getzlaf.
11:27 of 2nd period - Deflect By Jakub Voracek.
11:27 of 2nd period - Shot Misses the Net.
11:29 of 2nd period - Shot by Ryan Suter.
11:29 of 2nd period - Shot Misses the Net.
11:31 of 2nd period - Shot by Mark Giordano.
11:31 of 2nd period - Shot Misses the Net.
12:16 of 2nd period - Seth Jones is hit by Robert Bortuzzo and loses puck.
12:20 of 2nd period - Icing by David Savard.
12:21 of 2nd period - Nick Bjugstad wins face-off versus Mark Arcobello in Sharks zone.
13:02 of 2nd period - Icing by Robert Bortuzzo.
13:03 of 2nd period - Ryan Getzlaf wins face-off versus Nick Bjugstad in Sharks zone.
13:12 of 2nd period - Shot by Ryan Getzlaf.
13:12 of 2nd period - Stopped by Jonas Hiller without a rebound.
13:13 of 2nd period - Ryan Getzlaf wins face-off versus Stephen Weiss in Sharks zone.
13:15 of 2nd period - Jakub Voracek is hit by Andrej Sustr and loses puck.
13:22 of 2nd period - Shot by Jakub Voracek.
13:22 of 2nd period - Stopped by Jonas Hiller without a rebound.
13:23 of 2nd period - Andrew Shaw wins face-off versus Ryan Nugent-Hopkins in Sharks zone.
13:28 of 2nd period - Shot by Andrej Sustr.
13:28 of 2nd period - Stopped by Niklas Svedberg with a rebound.
13:52 of 2nd period - Shot by Ondrej Palat.
13:52 of 2nd period - Shot Misses the Net.
13:54 of 2nd period - Shot by Mike Cammalleri.
13:54 of 2nd period - Shot Misses the Net.
13:56 of 2nd period - Shot by Ryan Nugent-Hopkins.
13:56 of 2nd period - Stopped by Jonas Hiller with a rebound.
14:52 of 2nd period - Shot by Ryan Getzlaf.
14:52 of 2nd period - Shot Misses the Net.
15:28 of 2nd period - Shot by Matt Beleskey.
15:28 of 2nd period - Goal by Matt Beleskey - Sharks : 3 - Penguins : 0.
15:29 of 2nd period - Mark Arcobello wins face-off versus Nick Bjugstad in neutral zone.
15:31 of 2nd period - Jacob Trouba is hit by Ladislav Smid and loses puck.
15:38 of 2nd period - Shot by Tanner Pearson.
15:38 of 2nd period - Shot Misses the Net.
15:40 of 2nd period - Shot by Tanner Pearson.
15:40 of 2nd period - Shot Blocked by Ladislav Smid.
15:48 of 2nd period - Shot by Mark Arcobello.
15:48 of 2nd period - Stopped by Jonas Hiller without a rebound.
15:49 of 2nd period - Ryan Nugent-Hopkins wins face-off versus Stephen Weiss in Sharks zone.
15:56 of 2nd period - Shot by Mike Cammalleri.
15:56 of 2nd period - Shot Hit the Post.
16:00 of 2nd period - Shot by Ryan Nugent-Hopkins.
16:00 of 2nd period - Deflect By Mike Cammalleri.
16:00 of 2nd period - Shot Misses the Net.
16:02 of 2nd period - Shot by Ryan Nugent-Hopkins.
16:02 of 2nd period - Shot Misses the Net.
16:26 of 2nd period - Shot by Stephen Weiss.
16:26 of 2nd period - Deflect By Viktor Stalberg.
16:26 of 2nd period - Shot Blocked by Ryan Nugent-Hopkins.
16:48 of 2nd period - Robert Bortuzzo is hit by Ryan Getzlaf and loses puck.
16:55 of 2nd period - Shot by Jakub Voracek.
16:55 of 2nd period - Stopped by Jonas Hiller without a rebound.
16:56 of 2nd period - Luke Glendening wins face-off versus Nick Bjugstad in Sharks zone.
18:19 of 2nd period - Icing by Jacob Trouba.
18:20 of 2nd period - Ryan Getzlaf wins face-off versus Andrew Shaw in Penguins zone.
18:27 of 2nd period - Shot by James van Riemsdyk.
18:27 of 2nd period - Shot Misses the Net.
18:39 of 2nd period - Shot by Brooks Laich.
18:39 of 2nd period - Stopped by Niklas Svedberg without a rebound.
18:40 of 2nd period - Stephen Weiss wins face-off versus Ryan Nugent-Hopkins in Penguins zone.
19:44 of 2nd period - Off-side.
19:45 of 2nd period - Charlie Coyle wins face-off versus Ryan Getzlaf in neutral zone.
19:52 of 2nd period - Shot by Matt Beleskey.
19:52 of 2nd period - Stopped by Niklas Svedberg without a rebound.
19:53 of 2nd period - Ryan Getzlaf wins face-off versus Nick Bjugstad in Penguins zone.
Goals for this period are 2 for Sharks vs 0 for Penguins.
Shots for this period are 7 for Sharks vs 8 for Penguins.

3rd period


0:01 of 3rd period - Ryan Getzlaf wins face-off versus Nick Bjugstad in neutral zone.
0:06 of 3rd period - Shot by James van Riemsdyk.
0:06 of 3rd period - Stopped by Jonas Hiller with a rebound.
0:17 of 3rd period - Shot by Ryan Getzlaf.
0:17 of 3rd period - Deflect By Jakub Voracek.
0:17 of 3rd period - Stopped by Jonas Hiller without a rebound.
0:18 of 3rd period - Ryan Nugent-Hopkins wins face-off versus Andrew Shaw in Sharks zone.
1:23 of 3rd period - Jacob Trouba is hit by Nikolai Kulemin.
1:46 of 3rd period - Shot by Jakub Voracek.
1:46 of 3rd period - Stopped by Jonas Hiller with a rebound.
2:13 of 3rd period - Minor Penalty to Luke Glendening for Hooking.
2:13 of 3rd period - Minor Penalty to David Savard for Hooking.
2:14 of 3rd period - Ryan Getzlaf wins face-off versus Nick Bjugstad in Sharks zone.
2:19 of 3rd period - Shot by Ryan Nugent-Hopkins.
2:19 of 3rd period - Goal by Ryan Nugent-Hopkins - Sharks : 3 - Penguins : 1.
2:20 of 3rd period - Nick Bjugstad wins face-off versus Ryan Getzlaf in neutral zone.
2:51 of 3rd period - Shot by Jannik Hansen.
2:51 of 3rd period - Deflect By Nick Bjugstad.
2:51 of 3rd period - Stopped by Niklas Svedberg with a rebound.
3:15 of 3rd period - Shot by Ryan Nugent-Hopkins.
3:15 of 3rd period - Shot Misses the Net.
3:17 of 3rd period - Shot by Ryan Nugent-Hopkins.
3:17 of 3rd period - Shot Misses the Net.
3:19 of 3rd period - Shot by Jacob Trouba.
3:19 of 3rd period - Shot Misses the Net.
4:34 of 3rd period - Shot by Gregory Campbell.
4:34 of 3rd period - Stopped by Jonas Hiller without a rebound.
4:35 of 3rd period - Ryan Nugent-Hopkins wins face-off versus Andrew Shaw in Sharks zone.
4:35 of 3rd period - Ryan Nugent-Hopkins is hit by Mark Pysyk.
4:47 of 3rd period - Shot by Mike Cammalleri.
4:47 of 3rd period - Shot Blocked by Nikolai Kulemin.
4:49 of 3rd period - Shot by Ryan Nugent-Hopkins.
4:49 of 3rd period - Stopped by Jonas Hiller without a rebound.
4:50 of 3rd period - Nikolai Kulemin wins face-off versus Luke Glendening in Sharks zone.
5:24 of 3rd period - David Savard is hit by Luke Glendening and loses puck.
5:55 of 3rd period - Shot by Jakub Voracek.
5:55 of 3rd period - Stopped by Jonas Hiller without a rebound.
5:56 of 3rd period - Ryan Nugent-Hopkins wins face-off versus Charlie Coyle in Sharks zone.
6:07 of 3rd period - Shot by Charlie Coyle.
6:07 of 3rd period - Stopped by Niklas Svedberg with a rebound.
6:09 of 3rd period - Shot by Nick Bjugstad.
6:09 of 3rd period - Stopped by Niklas Svedberg with a rebound.
6:11 of 3rd period - Shot by Nick Bjugstad.
6:11 of 3rd period - Stopped by Niklas Svedberg without a rebound.
6:12 of 3rd period - Stephen Weiss wins face-off versus Ryan Getzlaf in Penguins zone.
6:21 of 3rd period - Shot by Ladislav Smid.
6:21 of 3rd period - Shot Blocked by Ryan Suter.
6:55 of 3rd period - Shot by Jakub Voracek.
6:55 of 3rd period - Shot Blocked by Viktor Stalberg.
6:57 of 3rd period - Shot by Ryan Getzlaf.
6:57 of 3rd period - Stopped by Jonas Hiller without a rebound.
6:58 of 3rd period - Nick Bjugstad wins face-off versus Ryan Nugent-Hopkins in Sharks zone.
7:05 of 3rd period - Shot by Matt Beleskey.
7:05 of 3rd period - Stopped by Niklas Svedberg without a rebound.
7:06 of 3rd period - Nick Bjugstad wins face-off versus Ryan Nugent-Hopkins in Penguins zone.
7:14 of 3rd period - Icing by Victor Hedman.
7:15 of 3rd period - Nick Bjugstad wins face-off versus Ondrej Palat in Penguins zone.
7:29 of 3rd period - Off-side.
7:30 of 3rd period - Ryan Getzlaf wins face-off versus Andrew Shaw in neutral zone.
8:17 of 3rd period - Shot by Ryan Getzlaf.
8:17 of 3rd period - Deflect By Jakub Voracek.
8:17 of 3rd period - Shot Misses the Net.
8:49 of 3rd period - Shot by Mike Cammalleri.
8:49 of 3rd period - Stopped by Jonas Hiller without a rebound.
8:50 of 3rd period - Tanner Pearson wins face-off versus Nick Bjugstad in Sharks zone.
8:55 of 3rd period - Shot by Brandon Saad.
8:55 of 3rd period - Stopped by Jonas Hiller without a rebound.
8:56 of 3rd period - Brandon Saad wins face-off versus Nick Bjugstad in Sharks zone.
9:29 of 3rd period - Dmitry Kulikov is hit by Charlie Coyle and loses puck.
10:15 of 3rd period - Colin McDonald is hit by Ondrej Palat.
11:09 of 3rd period - James van Riemsdyk is hit by Robert Bortuzzo and loses puck.
12:04 of 3rd period - Off-side.
12:05 of 3rd period - Nikolai Kulemin wins face-off versus Luke Glendening in neutral zone.
12:40 of 3rd period - Luke Glendening is hit by Colin McDonald and loses puck.
13:09 of 3rd period - Shot by Ondrej Palat.
13:09 of 3rd period - Stopped by Jonas Hiller with a rebound.
13:11 of 3rd period - Shot by Mark Giordano.
13:11 of 3rd period - Stopped by Jonas Hiller with a rebound.
13:13 of 3rd period - Shot by Mark Giordano.
13:13 of 3rd period - Stopped by Jonas Hiller without a rebound.
13:14 of 3rd period - Ryan Getzlaf wins face-off versus Nick Bjugstad in Sharks zone.
13:21 of 3rd period - Shot by Ryan Getzlaf.
13:21 of 3rd period - Shot Misses the Net.
13:23 of 3rd period - Shot by James van Riemsdyk.
13:23 of 3rd period - Shot Misses the Net.
13:40 of 3rd period - Off-side.
13:41 of 3rd period - Ryan Nugent-Hopkins wins face-off versus Stephen Weiss in neutral zone.
14:01 of 3rd period - Ryan Nugent-Hopkins is hit by Ladislav Smid and loses puck.
14:06 of 3rd period - Shot by Mark Giordano.
14:06 of 3rd period - Deflect By Mike Cammalleri.
14:06 of 3rd period - Shot Misses the Net.
14:08 of 3rd period - Shot by Ryan Nugent-Hopkins.
14:08 of 3rd period - Stopped by Jonas Hiller without a rebound.
14:09 of 3rd period - Mark Arcobello wins face-off versus Charlie Coyle in Sharks zone.
14:18 of 3rd period - Shot by Tanner Pearson.
14:18 of 3rd period - Shot Misses the Net.
14:20 of 3rd period - Shot by Victor Hedman.
14:20 of 3rd period - Shot Misses the Net.
14:22 of 3rd period - Shot by Mark Arcobello.
14:22 of 3rd period - Shot Misses the Net.
14:24 of 3rd period - Shot by Gregory Campbell.
14:24 of 3rd period - Goal by Gregory Campbell - Sharks : 3 - Penguins : 2.
14:25 of 3rd period - Ryan Getzlaf wins face-off versus Andrew Shaw in neutral zone.
15:04 of 3rd period - Shot by Nikolai Kulemin.
15:04 of 3rd period - Shot Blocked by Ryan Suter.
15:13 of 3rd period - Mark Giordano is hit by Andrej Sustr.
15:23 of 3rd period - Shot by Mike Cammalleri.
15:23 of 3rd period - Shot Misses the Net.
15:24 of 3rd period - Minor Penalty to Andrej Sustr for Roughing.
15:25 of 3rd period - Stephen Weiss wins face-off versus Mike Cammalleri in Sharks zone.
15:49 of 3rd period - Shot by Mike Cammalleri.
15:49 of 3rd period - Shot Blocked by Martin Marincin.
15:59 of 3rd period - Shot by Jacob Trouba.
15:59 of 3rd period - Stopped by Jonas Hiller without a rebound.
16:00 of 3rd period - Ryan Getzlaf wins face-off versus Stephen Weiss in Sharks zone.
16:36 of 3rd period - Shot by Mark Giordano.
16:36 of 3rd period - Stopped by Jonas Hiller without a rebound.
16:37 of 3rd period - Ryan Nugent-Hopkins wins face-off versus Stephen Weiss in Sharks zone.
16:38 of 3rd period - Shot by Victor Hedman.
16:38 of 3rd period - Shot Hit the Post.
16:40 of 3rd period - Shot by Jacob Trouba.
16:40 of 3rd period - Stopped by Jonas Hiller without a rebound.
16:41 of 3rd period - Ryan Nugent-Hopkins wins face-off versus Stephen Weiss in Sharks zone.
17:11 of 3rd period - Off-side.
17:12 of 3rd period - Ryan Getzlaf wins face-off versus Stephen Weiss in neutral zone.
17:25 of 3rd period - Shot by Luke Glendening.
17:25 of 3rd period - Shot Misses the Net.
17:45 of 3rd period - Shot by David Savard.
17:45 of 3rd period - Shot Misses the Net.
18:33 of 3rd period - Penguins, Niklas Svedberg is pulled from the net.
18:53 of 3rd period - Ryan Nugent-Hopkins is hit by Andrej Sustr and loses puck.
19:18 of 3rd period - Shot by Mark Giordano.
19:18 of 3rd period - Stopped by Jonas Hiller without a rebound.
19:19 of 3rd period - Ryan Getzlaf wins face-off versus Matt Beleskey in Sharks zone.
19:19 of 3rd period - Jakub Voracek is hit by David Savard and loses puck.
19:26 of 3rd period - Shot by Ryan Getzlaf.
19:26 of 3rd period - Shot Misses the Net.
19:28 of 3rd period - Shot by Victor Hedman.
19:28 of 3rd period - Goal by Victor Hedman - Sharks : 3 - Penguins : 3.
19:28 of 3rd period - Niklas Svedberg from Penguins was sent back in the game.
19:29 of 3rd period - Mark Arcobello wins face-off versus Stephen Weiss in neutral zone.
Goals for this period are 0 for Sharks vs 3 for Penguins.
Shots for this period are 5 for Sharks vs 20 for Penguins.

Overtime #1


0:01 of 1st overtime period - Ryan Getzlaf wins face-off versus Nick Bjugstad in neutral zone.
0:21 of 1st overtime period - Shot by James van Riemsdyk.
0:21 of 1st overtime period - Shot Misses the Net.
0:58 of 1st overtime period - Icing by Andrej Sustr.
0:59 of 1st overtime period - Andrew Shaw wins face-off versus Ryan Nugent-Hopkins in Sharks zone.
1:17 of 1st overtime period - Icing by Jacob Trouba.
1:18 of 1st overtime period - Ryan Nugent-Hopkins wins face-off versus Nick Bjugstad in Penguins zone.
1:20 of 1st overtime period - Icing by Jakub Voracek.
1:21 of 1st overtime period - Ryan Nugent-Hopkins wins face-off versus Nick Bjugstad in Penguins zone.
1:21 of 1st overtime period - Ryan Nugent-Hopkins is hit by Jannik Hansen.
1:39 of 1st overtime period - Shot by Nick Bjugstad.
1:39 of 1st overtime period - Shot Misses the Net.
1:47 of 1st overtime period - Shot by Jannik Hansen.
1:47 of 1st overtime period - Shot Misses the Net.
1:49 of 1st overtime period - Shot by Mark Pysyk.
1:49 of 1st overtime period - Stopped by Niklas Svedberg with a rebound.
1:51 of 1st overtime period - Shot by Nick Bjugstad.
1:51 of 1st overtime period - Shot Blocked by Jacob Trouba.
2:23 of 1st overtime period - Shot by Andrew Shaw.
2:23 of 1st overtime period - Stopped by Niklas Svedberg without a rebound.
2:24 of 1st overtime period - Ryan Getzlaf wins face-off versus Nick Bjugstad in Penguins zone.
3:05 of 1st overtime period - Icing by Nikolai Kulemin.
3:06 of 1st overtime period - Ryan Nugent-Hopkins wins face-off versus Andrew Shaw in Sharks zone.
3:09 of 1st overtime period - Shot by Jakub Voracek.
3:09 of 1st overtime period - Stopped by Jonas Hiller without a rebound.
3:10 of 1st overtime period - Ryan Nugent-Hopkins wins face-off versus Andrew Shaw in Sharks zone.
3:55 of 1st overtime period - Shot by Jakub Voracek.
3:55 of 1st overtime period - Shot Misses the Net.
4:04 of 1st overtime period - Off-side.
4:05 of 1st overtime period - Ryan Getzlaf wins face-off versus Nick Bjugstad in neutral zone.
4:08 of 1st overtime period - Robert Bortuzzo is hit by Ryan Getzlaf and loses puck.
4:19 of 1st overtime period - Shot by Nick Bjugstad.
4:19 of 1st overtime period - Shot Misses the Net.
4:21 of 1st overtime period - Shot by Jannik Hansen.
4:21 of 1st overtime period - Shot Misses the Net.
4:23 of 1st overtime period - Shot by David Savard.
4:23 of 1st overtime period - Stopped by Niklas Svedberg with a rebound.
4:31 of 1st overtime period - Shot by Nick Bjugstad.
4:31 of 1st overtime period - Shot Misses the Net.
4:33 of 1st overtime period - Shot by David Savard.
4:33 of 1st overtime period - Shot Misses the Net.
4:35 of 1st overtime period - Shot by Jannik Hansen.
4:35 of 1st overtime period - Stopped by Niklas Svedberg without a rebound.
4:36 of 1st overtime period - Ryan Getzlaf wins face-off versus Nick Bjugstad in Penguins zone.
4:41 of 1st overtime period - Jannik Hansen is hit by James van Riemsdyk and loses puck.
4:46 of 1st overtime period - Shot by Ryan Getzlaf.
4:46 of 1st overtime period - Shot Hit the Post.
4:48 of 1st overtime period - Shot by Victor Hedman.
4:48 of 1st overtime period - Shot Blocked by Robert Bortuzzo.
4:54 of 1st overtime period - Shot by James van Riemsdyk.
4:54 of 1st overtime period - Stopped by Jonas Hiller without a rebound.
4:55 of 1st overtime period - Ryan Nugent-Hopkins wins face-off versus Nick Bjugstad in Sharks zone.
Goals for this period are 0 for Sharks vs 0 for Penguins.
Shots for this period are 4 for Sharks vs 2 for Penguins.

ShootOut


5:00 of 1st overtime period - Penalty Shot by Jannik Hansen for Sharks.
5:00 of 1st overtime period - Goal by Jannik Hansen.
5:00 of 1st overtime period - Penalty Shot by Ryan Nugent-Hopkins for Penguins.
5:00 of 1st overtime period - Goal by Ryan Nugent-Hopkins.
5:00 of 1st overtime period - Penalty Shot by Nick Bjugstad for Sharks.
5:00 of 1st overtime period - Stopped by Niklas Svedberg.
5:00 of 1st overtime period - Penalty Shot by Jakub Voracek for Penguins.
5:00 of 1st overtime period - Stopped by Jonas Hiller.
5:00 of 1st overtime period - Penalty Shot by Andrew Shaw for Sharks.
5:00 of 1st overtime period - Stopped by Niklas Svedberg.
5:00 of 1st overtime period - Penalty Shot by Mike Cammalleri for Penguins.
5:00 of 1st overtime period - Goal by Mike Cammalleri.